 Dungeon Crawl Stone Soup version 0.29-a0-757-g358383bc75 (webtiles) character file.

Game seed: 2133156407455167238

774 ReploidZero the Cudgeller (level 7, -14/72 HPs)
             Began as a Troll Gladiator on June 30, 2022.
             Was an Initiate of Ru.
             Demolished by an ogre
             ... wielding a +0 giant club
              (35 damage)
             ... on level 4 of the Dungeon.
             The game lasted 00:12:44 (3053 turns).

ReploidZero the Cudgeller (Troll Gladiator)         Turns: 3053, Time: 00:12:45

Health: -14/72     AC:  4    Str: 25    XL:     7   Next: 53%
Magic:  6/6        EV: 11    Int:  4    God:    Ru [......]
Gold:   184        SH:  0    Dex: 11    Spells: 6/6 levels left

rFire   . . .      SeeInvis .   d - +1 mace (vorpal)
rCold   . . .      Faith    .   (no shield)
rNeg    . . .      Spirit   .   b - +0 robe
rPois   .          Reflect  .   c - +0 hat
rElec   .          Harm     .   (no cloak)
rCorr   .          Rampage  .   (gloves unavailable)
Will    .....                   (boots unavailable)
Stlth   +.........              (no amulet)
HPRegen 1.02/turn               (no ring)
MPRegen 0.10/turn               (no ring)

@: no status effects
A: large, unfitting armour, claws 3, regeneration 1, shaggy fur 1, tough skin 1
a: Renounce Religion


You were on level 4 of the Dungeon.
You worshipped Ru.
Ru was noncommittal.
You visited 2 branches of the dungeon, and saw 5 of its levels.

You collected 184 gold pieces.

Inventory:

Hand Weapons
 d - a +1 vorpal mace (weapon)
Missiles
 g - 13 boomerangs (quivered)
 j - 4 atropa-tipped darts
Armour
 b - a +0 robe (worn)
 c - a +0 hat (worn)
Jewellery
 n - a ring of willpower
Scrolls
 k - 6 scrolls of identify
 o - a scroll of enchant armour {unknown}
 r - a scroll of teleportation {unknown}
Potions
 f - a potion of ambrosia {unknown}
 h - a potion of berserk rage
 i - a potion of cancellation
 l - a potion of degeneration {unknown}
 p - a potion of curing {unknown}


   Skills:
 + Level 5.0 Fighting
 + Level 6.0 Maces & Flails
 + Level 5.5 Throwing
 - Level 5.1 Dodging


You had 6 spell levels left.
You didn't know any spells.
Your spell library contained the following spells:

 Spells                   Type           Power      Damage    Failure   Level
 Freeze                   Ice            0%         1d3       50%         1
 Scorch                   Fire           0%         2d5       65%         2
 Frozen Ramparts          Ice            0%         1d2       86%         3
 Animate Armour           Summ/Erth      0%         N/A       99%         4
 Flame Wave               Conj/Fire      0%         2d4       99%         4
 Hailstorm                Conj/Ice       0%         3d3       99%         4
 Blade Hands              Tmut           0%         N/A       100%        5
 Iron Shot                Conj/Erth      0%         9d1       100%        6
 Summon Cactus Giant      Summ           0%         N/A       100%        6


Dungeon Overview and Level Annotations

Branches:
Dungeon (4/15)             Temple (1/1) D:4

Altars:
Ashenzari
Dithmenos
Fedhas
Hepliaklqana
Kikubaaqudgha
Makhleb
Nemelex Xobeh
Ru
Sif Muna
Trog
Uskayaw
Vehumet
Xom
Yredelemnul
Zin
The Shining One


Innate Abilities, Weirdness & Mutations

You are too large for most types of armour.
You have claws for hands.
Your natural rate of healing is unusually fast.
You are covered in fur. (AC +1)
You have tough skin. (AC +1)


Message History

You feel sick. The adder barely misses you. The adder bites you.
You hit the adder.
You kill the adder!
You feel sick.
You are no longer poisoned.
You see here an adder corpse.
HP restored.
Done exploring.
You see here an adder corpse.
There is a stone staircase leading down here.
You climb downwards.
The black bear bites you!
The black bear claws you but does no damage.
The black bear claws you.
There is a stone staircase leading up, spattered with blood here.
The ogre shouts!
You sock the black bear!
The black bear is moderately wounded.
The black bear bites you. The black bear claws you. x2
You sock the black bear!
The black bear is almost dead.
The black bear misses you.
The black bear claws you but does no damage. x2
The black bear goes berserk!
You hit the black bear.
The black bear is almost dead.
The black bear bites you! The black bear barely misses you.
The black bear claws you.
You sock the black bear!
You kill the black bear!
Your Fighting skill increases to level 5!
Your Maces & Flails skill increases to level 6!
A kobold comes into view. It is wielding a +0 club.
The kobold shouts!
You hit the ogre.
The ogre is lightly wounded.
The ogre hits you with a +0 giant club!!
* * * LOW HITPOINT WARNING * * *
The ogre attacks as you move away!
The ogre hits you with a +0 giant club!!
You die...

......#..... ..#..
.............$ ..#..#
.........(... #...K..
............. .......
#..##........ .......##
##.# #.##.....
#......####..###........
#.....O##...........##..
##.....@<...............
#................###...#
#...............## ...#
##..............# ...#
##................# ....
#................... ....
####....................
...............<........
.###........#.....##.###..


You could see an ogre and a kobold.

Vanquished Creatures
  Sigmund (D:3)
  A black bear (D:4)
  A centaur (D:3)
  A hound (D:3)
  A jelly (D:4)
  2 orc priests
  Jessica (D:3)
  An iguana (D:4)
  Natasha (thrice) (D:3)
  An orc wizard (D:2)
  3 gnolls (D:3)
  4 adders (D:3)
  2 worms (D:3)
  7 orcs
  5 endoplasms
  7 goblins
  8 hobgoblins
  4 jackals (D:2)
  7 quokkas
  7 ball pythons
  3 bats
  2 frilled lizards
  8 kobolds
  4 rats
84 creatures vanquished.

Notes
Turn   | Place    | Note
-------+----------+-------------------------------------------
     0 | D:1      | ReploidZero the Troll Gladiator began the quest for the
                  | Orb.
     0 | D:1      | Reached XP level 1. HP: 19/19 MP: 0/0
   257 | D:1      | Reached XP level 2. HP: 28/28 MP: 1/1
   571 | D:1      | Reached skill level 5 in Maces & Flails
   571 | D:1      | Reached XP level 3. HP: 39/39 MP: 2/2
   703 | D:2      | Found a hazy altar of Hepliaklqana.
  1276 | D:2      | Reached XP level 4. HP: 34/48 MP: 3/3
  1364 | D:3      | Noticed Sigmund
  1525 | D:3      | Reached XP level 5. HP: 54/54 MP: 4/4
  1646 | D:3      | Found a faded altar of an unknown god.
  1788 | D:3      | Killed Sigmund
  1789 | D:3      | Reached XP level 6. HP: 54/63 MP: 5/5
  1953 | D:3      | Noticed Natasha
  1966 | D:3      | Killed Natasha
  2167 | D:3      | Reached skill level 5 in Dodging
  2317 | D:3      | Reached skill level 5 in Throwing
  2452 | D:3      | Noticed Natasha
  2469 | D:3      | Killed Natasha
  2531 | D:3      | Noticed Jessica
  2534 | D:3      | Killed Jessica
  2535 | D:3      | Reached XP level 7. HP: 71/71 MP: 6/6
  2559 | D:4      | Found a staircase to the Ecumenical Temple.
  2595 | Temple   | Entered the Ecumenical Temple
  2595 | Temple   | Found a transporter.
  2595 | Temple   | Found a transporter.
  2601 | Temple   | Found a transporter.
  2601 | Temple   | Found a transporter.
  2623 | Temple   | Became a worshipper of Ru the Awakened
  2735 | D:3      | Noticed Natasha
  2749 | D:3      | Killed Natasha
  3051 | D:4      | Reached skill level 5 in Fighting
  3051 | D:4      | Reached skill level 6 in Maces & Flails
  3053 | D:4      | Demolished by an ogre

Illustrated notes

Levels and vault maps discovered:
D:1:      elethiomel_arrival_infinity_welcomes_careful_drivers, layout_rooms,
          lemuel_another_geyser
D:2:      layout_basic, basic_altar
D:3:      minmay_octagon_keep, layout_basic,
          shapermc_ecumenical_altar_notcrosses, minivault_14,
          dreamdust_mushroom_princess, minmay_misc_feat_iff, uniq_natasha,
          uniq_sigmund, uniq_jessica
D:4:      layout_cave_pools, minmay_temple_entry_offerings, uniq_menkaure
Temple:   hellmonk_temple_divided_pantheon

Skill      XL: |  1  2  3  4  5  6  7 |
---------------+----------------------+-----
Throwing       | 2 4 5 |  5.5
Fighting       | 4 5 |  5.0
Maces & Flails | 5 6 |  6.0
Dodging        | 4 5 |  5.1

Action                   |  1- 3 |  4- 6 |  7- 9 || total
-------------------------+-------+-------+-------++-------
Melee: Flail             |   115 |   124 |       ||   239
       Punch             |     1 |     1 |       ||     2
       Mace              |       |    26 |    56 ||    82
Throw: Javelin           |     2 |     1 |     4 ||     7
       Throwing net      |       |     3 |     1 ||     4
       Large rock        |       |       |     1 ||     1
       Boomerang         |       |       |     1 ||     1
  Use: Scroll            |     4 |     1 |       ||     5
       Potion            |     1 |     1 |       ||     2
 Stab: Sleeping          |     1 |       |       ||     1
Armor: Robe              |    59 |    52 |    34 ||   145
Dodge: Dodged            |   104 |   109 |    67 ||   280

Table legend: (Time is in decaauts)
 A = Elapsed time spent in this place.
 B = Non-inter-level travel time spent in this place.
 C = Inter-level travel time spent in this place.
 D = Time resting spent in this place.
 E = Time spent auto-exploring this place.
 F = Levels seen in this place.
 G = Mean time per level.
                   A        B        C        D        E       F      G
               +--------+--------+--------+--------+--------+-----+--------+
         Total |   3123 |   2786 |    337 |      0 |   1935 |   5 |  624.6 |
       Dungeon |   3078 |   2760 |    318 |      0 |   1928 |   4 |  769.5 |
        Temple |     44 |     25 |     19 |      0 |      7 |   1 |   44.0 |
               +--------+--------+--------+--------+--------+-----+--------+

Top non-repeatable levels by time:
     D:3: 1502 daAuts
     D:2: 779 daAuts
     D:1: 600 daAuts
     D:4: 196 daAuts
  Temple: 44 daAuts
